 Dungeon Sprint DCSS version 0.21.1-1-g345015fe64 (webtiles) character file.

5317 Jannitor the Fighter (level 10, -10/62 HPs)
             Began as a Vine Stalker Fighter on May 23, 2018.
             Was the Champion of Cheibriados.
             Mangled by a reaper
             ... wielding a +0 scythe of pain
              (25 damage)
             ... in the Dungeon (Sprint V: "Ziggurat Sprint").
             The game lasted 00:05:35 (454 turns).

Jannitor the Fighter (Vine Stalker Fighter)          Turns: 454, Time: 00:05:37

Health: -10/62     AC: 27    Str: 43    XL:     10   Next: 64%
Magic:  0/13       EV:  7    Int: 27    God:    Cheibriados [******]
Gold:   0          SH: 17    Dex: 33    Spells: 3/9 levels left

rFire    . . .     SeeInvis +   n - +14 obsidian axe {chop, +Fly SInv *Curse} (curse)
rCold    + . .     Gourm    .   G - +0 shield "Agymolom" {Regen+ SInv}
rNeg     . . .     Faith    .   y - +5 crystal plate armour
rPois    .         Spirit   +   (no helmet)
rElec    .         Reflect  .   a - +0 cloak {+Inv}
rCorr    .         Harm     .   (no gloves)
MR       +....     NoTele   +   (no boots)
Stlth    ..........             O - amulet of regeneration
HPRegen  1.40/turn              J - +6 ring of strength
MPRegen  0.13/turn              L - ring "Katz" {rC+ Int+4 Dex+4 Stlth+}

@: mesmerised, very slow
A: fangs 3, regeneration 1, magic shield, antimagic bite, no potion heal 3, rot
immunity
a: Bend Time, Temporal Distortion, Slouch, Step From Time, Renounce Religion,
Evoke Invisibility, Evoke Flight


You were in the Dungeon.
You worshipped Cheibriados.
Cheibriados was exalted by your worship.
You were not hungry.

You visited 1 branch

Inventory:

Hand Weapons
 n - the cursed +14 obsidian axe (weapon) {chop, +Fly SInv *Curse}
   (You found it in the Dungeon)

   It inflicts extra damage upon your enemies.
   It lets you see invisible.
   It lets you fly.
   It curses itself when equipped.
   It has a curse placed upon it.
 F - the +8 autumn katana {slice, Clar}
   (You took it off a centaur in the Dungeon)

   It inflicts extra damage upon your enemies.
   It protects you against confusion.
Armour
 a - a +0 cloak of invisibility (worn)
 l - the +15 Maxwell's patent armour {-Cast -Tele rElec MR+ rCorr}
   (You found it in the Dungeon)

   It insulates you from electricity.
   It affects your resistance to hostile enchantments.
   It prevents spellcasting.
   It prevents most forms of teleportation.
   It protects you from acid and corrosion.
 m - the +18 shield of the Gong {rElec rN+ MR+ EV-5}
   (You found it in the Dungeon)

   It affects your evasion (-5).
   It insulates you from electricity.
   It protects you from negative energy.
   It affects your resistance to hostile enchantments.
 y - a +5 crystal plate armour (worn)
 A - +5 gold dragon scales
 B - a +3 large shield
 G - the +0 shield "Agymolom" (worn) {Regen+ SInv}
   (You found it in the Dungeon)

   It lets you see invisible.
   It increases your rate of regeneration.
Jewellery
 b - the ring "Iddad" {rCorr Int+2 Dex+3}
   (You found it in the Dungeon)

   [ring of resist corrosion]

   It affects your intelligence (+2).
   It affects your dexterity (+3).
 H - the amulet "Yghomimy" {Faith rF+}
   (You found it in the Dungeon)

   [amulet of faith]

   It allows you to gain divine favour quickly.
   It protects you from fire.
 J - a +6 ring of strength (left hand)
 L - the ring "Katz" (right hand) {rC+ Int+4 Dex+4 Stlth+}
   (You found it in the Dungeon)

   [ring of intelligence]

   It affects your intelligence (+4).
   It affects your dexterity (+4).
   It protects you from cold.
   It makes you more stealthy.
 O - an amulet of regeneration (around neck)
Wands
 C - a wand of disintegration (7)
 D - a wand of iceblast (7)
 E - a wand of acid (7)
Scrolls
 k - 4 scrolls of blinking
 o - 4 scrolls of amnesia
 p - 8 scrolls of fog
 q - a scroll of holy word
 r - 5 scrolls of identify
 s - 5 scrolls of remove curse
 t - 2 scrolls of fear
 I - a scroll of brand weapon
Potions
 d - 6 potions of might
 e - 10 potions of curing
 g - 10 potions of heal wounds
 h - 6 potions of haste
 i - 7 potions of magic
 j - 3 potions of berserk rage
 u - 2 potions of brilliance
 v - 2 potions of invisibility
 w - 4 potions of resistance
 z - 5 potions of agility
Miscellaneous
 c - a fan of gales
 x - 3 phantom mirrors
 M - 2 sacks of spiders
Comestibles
 f - 7 rations


   Skills:
 + Level 11.6 Fighting
 + Level 11.4 Axes
 + Level 10.7 Armour
 + Level 11.6 Shields
 + Level 3.5 Invocations


You had 3 spell levels left.
You knew the following spells:

 Your Spells              Type           Power        Failure   Level  Hunger
a - Lesser Beckoning      Tloc           #.........   99%         3    ####...
b - Summon Butterflies    Summ           #.......     87%         1    ##.....
c - Blink                 Tloc           N/A          95%         2    ###....


Dungeon Overview and Level Annotations

Branches:
Dungeon (1/1)

Altars:
Ashenzari
Cheibriados
Dithmenos
Elyvilon
Fedhas
Gozag
Hepliaklqana
Kikubaaqudgha
Makhleb
Nemelex Xobeh
Okawaru
Qazlal
Ru
Sif Muna
Trog
Uskayaw
Vehumet
Wu Jian
Xom
Yredelemnul
Zin
The Shining One
Beogh
Jiyva
Lugonu

Annotations:
D 1 transporter


Innate Abilities, Weirdness & Mutations

You have razor-sharp teeth.
Your natural rate of healing is unusually fast.
When hurt, damage is shared between your health and your magic reserves.
Your bite disrupts and absorbs the magic of your enemies.
Potions cannot restore your health.
You are immune to rotting.


Message History

You writhe in agony.
The tormentor hits you but does no damage.
You block the tormentor's attack. x2
The tormentor hits you but does no damage.
Found a transporter.
You slice the reaper!! You open a gate to Pandemonium!
A demon appears!
You bite the reaper, but do no damage.
The reaper is heavily wounded.
You closely miss the tormentor. The reaper beckons to you.
The reaper hits you with a scythe of pain!!
You block the tormentor's attack. x2
You don't have enough magic at the moment.
You hit the tormentor but do no damage. Your bite misses the tormentor.
You slash the mummy! You slash the reaper!
Visions of slaying the mummy flood into your mind.
You block the tormentor's attack. The tormentor hits you.
You writhe in agony.
* * * LOW HITPOINT WARNING * * *
The reaper hits you with a scythe of pain!!
You die...

▓▓▓▓▓▓▓▓▓▓▓▓▓▓▓▓▓▓▓
▓...8©8...▓...8©8...▓
▓..?}})}..▓..[)[.)..▓
▓..|))=}..▓...)||:..▓
▓.........▓.........▓
▓.........▓.........▓
▓.........▓.........▓
▓...M22...▓.........▓
▓....@4...▓.▓.....▓.▓
▓.▓.....▓.▓....©....▓
▓.†..©....▓▓▓▓▓▓▓▓▓▓▓
▓▓▓▓▓▓▓▓▓▓▓


You could see a reaper, a tormentor, a mummy and a friendly ice devil.

Vanquished Creatures
  2 dancing weapons (D)
  2 deep elf magi (D)
  A cyclops (D)
  An ancient zyme (D)
  A merfolk (D)
  A tormentor (D)
  A slime creature (D)
  3 hell hounds (D)
  3 orc warriors (D)
  2 phantoms (D)
  A necrophage (D)
  A centaur (D)
  2 wights (D)
  A small abomination (D)
  A crimson imp (D)
  A quasit (D)
  An iron imp (D)
  2 orc priests (D)
  A jelly (D)
  3 shadow imps (D)
  2 adder skeletons (D)
  An adder zombie (D)
  An orc (D)
  4 bat skeletons (D)
  A giant cockroach zombie (D)
  A quokka skeleton (D)
  A quokka zombie (D)
42 creatures vanquished.

Vanquished Creatures (collateral kills)
  A dancing weapon (D)
  A deep elf mage (D)
  2 merfolk (D)
  A hippogriff (D)
  A phantom (D)
  A centaur (D)
  A wight (D)
  2 crimson imps (D)
  An iron imp (D)
  An orc wizard (D)
  2 shadow imps (D)
  2 ufetubi (D)
  An orc (D)
  2 giant cockroach zombies (D)
19 creatures vanquished.

Vanquished Creatures (others)
  3 spatial maelstroms (D)
  Pikel (D)
  Psyche (D)
5 creatures vanquished.

Grand Total: 66 creatures vanquished

Notes
Turn   | Place    | Note
-------+----------+-------------------------------------------
     0 | D        | Found the +6 Majin-Bo {vamp, Archmagi MP+6 Int+6}
     0 | D        | Found the +7 great mace "Firestarter" {inner flame, rF++}
     0 | D        | Jannitor the Vine Stalker Fighter began the quest for the Orb.
     0 | D        | Reached XP level 1. HP: 11/11 MP: 2/2
     0 | D        | Found a blossoming altar of Fedhas.
     2 | D        | Found a viscous altar of Jiyva.
     2 | D        | Found a hazy altar of Hepliaklqana.
     2 | D        | Found a transporter.
     2 | D        | Found an opulent altar of Gozag.
     2 | D        | Found an ancient bone altar of Kikubaaqudgha.
     2 | D        | Found a corrupted altar of Lugonu.
     2 | D        | Banished a spatial maelstrom
     5 | D        | Found a burning altar of Makhleb.
     6 | D        | Found a stormy altar of Qazlal.
     6 | D        | Found an iron altar of Okawaru.
     6 | D        | Found a sacrificial altar of Ru.
     6 | D        | Found a sparkling altar of Nemelex Xobeh.
     6 | D        | Found a deep blue altar of Sif Muna.
     6 | D        | Found a bloodstained altar of Trog.
     6 | D        | Banished a spatial maelstrom
    11 | D        | Found the +9 heavy crossbow "Sniper" {velocity, Acc+∞ SInv}
    11 | D        | Found the +10 dark maul {crush}
    11 | D        | Found the +15 Maxwell's patent armour {-Cast -Tele rElec MR+ rCorr}
    11 | D        | Found the +18 shield of the Gong {rElec rN+ MR+ EV-5}
    11 | D        | Found the cursed +14 obsidian axe {chop, +Fly SInv *Curse}
    13 | D        | Found the +6 shillelagh "Devastator" {shatter}
    13 | D        | Found the +11 plutonium sword {*Contam Stlth-}
    13 | D        | Found the +8 lance "Wyrmbane" {slay drac, rPois rF+ rC+ AC+3}
    13 | D        | Found the +9 sword of Zonguldrok {reap}
    13 | D        | Found the cursed +13 scythe of Curses {drain, *Curse}
    13 | D        | Found the +0 sword of Power
    13 | D        | Found the +1 mace of Variability {chaos}
    13 | D        | Found the +7 Singing Sword
    13 | D        | Found the +7 longbow "Piercer" {penet, EV-2}
    19 | D        | Banished a spatial maelstrom
    46 | D        | Became a worshipper of Cheibriados the Contemplative
   103 | D        | Reached XP level 2. HP: 17/17 MP: 3/3
   104 | D        | Entered arena 2.
   104 | D        | Noticed a slime creature
   104 | D        | Found a transporter.
   106 | D        | Reached XP level 3. HP: 21/21 MP: 4/4
   109 | D        | Killed a slime creature
   109 | D        | Reached skill level 5 in Axes
   109 | D        | Reached skill level 5 in Armour
   109 | D        | Gained mutation: Your natural rate of healing is unusually fast. [Vine Stalker growth]
   109 | D        | Reached XP level 4. HP: 28/28 MP: 5/5
   109 | D        | Reached XP level 5. HP: 32/32 MP: 6/6
   118 | D        | Entered arena 3.
   118 | D        | Noticed a hell hound
   118 | D        | Found a transporter.
   120 | D        | Killed a hell hound
   120 | D        | Reached * piety under Cheibriados
   120 | D        | Reached XP level 6. HP: 34/37 MP: 5/7
   122 | D        | Reached ** piety under Cheibriados
   128 | D        | Entered arena 4.
   128 | D        | Noticed an ancient zyme
   128 | D        | Found a transporter.
   132 | D        | Killed an ancient zyme
   132 | D        | Reached XP level 7. HP: 42/42 MP: 8/8
   133 | D        | Reached *** piety under Cheibriados
   137 | D        | Got the ring "Katz" {rC+ Int+4 Dex+4 Stlth+}
   141 | D        | Entered arena 5.
   141 | D        | Found a transporter.
   144 | D        | Reached **** piety under Cheibriados
   150 | D        | Entered arena 6.
   150 | D        | Found a transporter.
   152 | D        | Reached ***** piety under Cheibriados
   167 | D        | Entered arena 7.
   167 | D        | Noticed a deep elf mage
   167 | D        | Noticed a vampiric short sword
   167 | D        | Noticed a scimitar of protection
   167 | D        | Noticed a deep elf mage
   167 | D        | Noticed a battleaxe of chopping
   167 | D        | Noticed a deep elf mage
   168 | D        | Noticed a demonic crawler
   168 | D        | Found a transporter.
   169 | D        | Noticed a redback
   170 | D        | Noticed a fire elemental
   170 | D        | Noticed a fire elemental
   171 | D        | Noticed an ice devil
   172 | D        | Noticed a fire elemental
   172 | D        | Noticed a fire elemental
   172 | D        | Noticed a smoke demon
   172 | D        | Killed a deep elf mage
   172 | D        | Gained mutation: You have razor-sharp teeth. [Vine Stalker growth]
   172 | D        | Reached XP level 8. HP: 31/48 MP: 4/9
   174 | D        | Killed a scimitar of protection
   175 | D        | Killed a deep elf mage
   175 | D        | Reached ****** piety under Cheibriados
   175 | D        | Reached XP level 9. HP: 36/54 MP: 10/10
   175 | D        | Killed a deep elf mage
   175 | D        | Reached skill level 10 in Fighting
   175 | D        | Reached skill level 10 in Shields
   177 | D        | Killed a vampiric short sword
   177 | D        | Reached skill level 10 in Axes
   178 | D        | Killed a battleaxe of chopping
   187 | D        | Killed Pikel
   215 | D        | Entered arena 8.
   216 | D        | Found a transporter.
   217 | D        | Reached skill level 10 in Armour
   219 | D        | Reached XP level 10. HP: 60/60 MP: 11/11
   231 | D        | Got the ring "Iddad" {rCorr Int+2 Dex+3}
   238 | D        | Entered arena 9.
   238 | D        | Noticed a cyclops
   239 | D        | Found a transporter.
   243 | D        | Killed a cyclops
   247 | D        | Reached skill level 1 in Invocations
   264 | D        | Identified the Disquisition on the Compass (You found it in the Dungeon)
   268 | D        | Learned a level 3 spell: Lesser Beckoning
   268 | D        | Identified the Disquisition on the Compass (You found it in the Dungeon)
   273 | D        | Identified the Disquisition on the Compass (You found it in the Dungeon)
   275 | D        | Entered arena 10.
   276 | D        | Found a transporter.
   292 | D        | Got the +0 shield "Agymolom" {Regen+ SInv}
   307 | D        | Got the amulet "Yghomimy" {Faith rF+}
   410 | D        | Entered arena 11.
   413 | D        | Found a transporter.
   413 | D        | Killed Psyche
   440 | D        | Identified the Collected Works on the Warped Escort (You found it in the Dungeon)
   442 | D        | Learned a level 1 spell: Summon Butterflies
   442 | D        | Identified the Collected Works on the Warped Escort (You found it in the Dungeon)
   445 | D        | Learned a level 2 spell: Blink
   448 | D        | Entered arena 12.
   449 | D        | Noticed a reaper
   452 | D        | Found a transporter.
   454 | D        | Mangled by a reaper

Skill      XL: |  1  2  3  4  5  6  7  8  9 10 |
---------------+-------------------------------+-----
Fighting       | 4 6 7 8 9 10 11 | 11.6
Axes           | 3 4 5 6 7 8 9 10 11 | 11.4
Armour         | 3 4 5 6 7 8 9 10 | 10.7
Shields        | 4 6 7 8 9 10 11 | 11.6
Invocations    | 3 |  3.5

Action                   |  1- 3 |  4- 6 |  7- 9 | 10-12 || total
-------------------------+-------+-------+-------+-------++-------
Melee: Broad axe         |     3 |     6 |    18 |    18 ||    45
       Bite              |       |     1 |     8 |     6 ||    15
Invok: Slouch            |       |       |       |     2 ||     2
  Use: Potion            |     1 |       |       |       ||     1
 Stab: Distracted        |       |     1 |       |       ||     1
Armor: Plate armour      |     1 |     1 |    14 |       ||    16
       Crystal plate arm |       |       |     1 |    18 ||    19
Dodge: Dodged            |       |       |       |     3 ||     3
Block: Shield            |     3 |     5 |    32 |    50 ||    90
